 Dungeon Crawl Stone Soup version 0.21.1-1-g345015f (webtiles) character file.

121 tyranidshit the Skirmisher (level 4, -3/39 HPs)
             Began as a Demonspawn Abyssal Knight on June 21, 2018.
             Was a Believer of Lugonu.
             Killed from afar by Sigmund (8 damage)
             ... with a puff of flame
             ... on level 3 of the Dungeon.
             The game lasted 00:05:25 (1834 turns).

tyranidshit the Skirmisher (DsAK)                   Turns: 1834, Time: 00:05:27

Health: -3/39      AC:  8    Str: 13 (14) XL:     4   Next: 76%
Magic:  5/5        EV:  9    Int: 12 (13) God:    Lugonu [**....]
Gold:   134        SH:  0    Dex: 12      Spells: 3/3 levels left

rFire    . . .     SeeInvis .   a - +1 hand axe
rCold    . . .     Gourm    .   (no shield)
rNeg     . . .     Faith    +   e - +0 chain mail
rPois    .         Spirit   .   (no helmet)
rElec    .         Reflect  .   (no cloak)
rCorr    .         Harm     .   (no gloves)
MR       .....                  (no boots)
Stlth    ..........             f - amulet of faith
HPRegen  0.13/turn              j - +3 ring of evasion
MPRegen  0.09/turn              (no ring)

@: lethally poisoned (-3 -> -27)
A: powered by pain 2
a: Depart the Abyss, Bend Space, Renounce Religion


You were on level 3 of the Dungeon.
You worshipped Lugonu.
Lugonu was pleased with you.
You were not hungry.

You visited 1 branch of the dungeon, and saw 3 of its levels.
You visited the Abyss 1 time.

You collected 134 gold pieces.

Inventory:

Hand Weapons
 a - a +1 hand axe (weapon)
Armour
 b - a +0 leather armour
 e - a +0 chain mail (worn)
Jewellery
 d - an uncursed ring of teleportation
 f - an amulet of faith (around neck)
 j - a +3 ring of evasion (left hand)
 k - an uncursed amulet of rage
Scrolls
 g - a scroll of teleportation
 h - 2 scrolls of identify
Potions
 i - a potion of curing
 l - a potion of flight
 m - a potion of heal wounds {unknown}
Comestibles
 c - 3 rations


   Skills:
 + Level 5.5 Fighting
 - Level 1.7 Axes
 - Level 1.7 Armour
 - Level 0.8 Dodging
 - Level 2.4 Invocations


You had 3 spell levels left.
You didn't know any spells.

Dungeon Overview and Level Annotations

Branches:
Dungeon (3/15)

Altars:
Ashenzari
Cheibriados
Hepliaklqana
Kikubaaqudgha
Nemelex Xobeh
Trog
Uskayaw
Vehumet
Wu Jian
Yredelemnul

Annotations:
D:3 Sigmund


Innate Abilities, Weirdness & Mutations

You sometimes gain power by taking damage.


Message History

You feel sick.
You hear some strange, mumbled words.
A puff of flame appears from out of thin air!
The puff of flame hits you!
You feel sick. Something hits you!
You are lethally poisoned!
Your chain mail prevents you from hitting something.
You feel sick. Something hits you!
* * * LOW HITPOINT WARNING * * *
You are more poisoned.
You miss something.
* * * LOW HITPOINT WARNING * * *
You feel very sick.
You slash something!
* * * LOW HITPOINT WARNING * * *
You feel sick.
You hear some strange, mumbled words.
A puff of flame appears from out of thin air!
The puff of flame hits you!
You die...

##### #...# #...##
#....# #....#
#.{..# +# ..
#.@†.# .#...
#....###.#...
#...........#
#...........(
####..(........#
................
#............#....
..................
.................#


There were no monsters in sight!

Vanquished Creatures
  6 adders
  A worm (D:2)
  A dart slug (D:1)
  2 leopard geckos
  3 orcs (D:3)
  4 giant cockroaches (D:1)
  5 goblins
  5 hobgoblins
  4 jackals
  5 kobolds
  11 bats
  4 frilled lizards
  A quokka skeleton (D:3)
  7 rats
59 creatures vanquished.

Notes
Turn   | Place    | Note
-------+----------+-------------------------------------------
     0 | Abyss:1  | tyranidshit the Demonspawn Abyssal Knight began the quest for the Orb.
     0 | Abyss:1  | Reached XP level 1. HP: 18/18 MP: 2/2
   164 | Abyss:1  | Noticed an iron imp
   173 | D:1      | Escaped the Abyss
   211 | D:1      | Reached * piety under Lugonu
   325 | D:1      | Gained mutation: You sometimes gain a little power by taking damage. [demonic ancestry]
   325 | D:1      | Reached XP level 2. HP: 16/24 MP: 3/3
   479 | D:1      | Reached skill level 4 in Fighting
   870 | D:1      | Reached XP level 3. HP: 30/30 MP: 4/4
  1078 | D:2      | Found a snail-covered altar of Cheibriados.
  1079 | D:2      | Found a basalt altar of Yredelemnul.
  1092 | D:2      | Found a sparkling altar of Nemelex Xobeh.
  1093 | D:2      | Found a shattered altar of Ashenzari.
  1093 | D:2      | Found an ornate altar of the Wu Jian Council.
  1094 | D:2      | Found a radiant altar of Vehumet.
  1094 | D:2      | Found an ancient bone altar of Kikubaaqudgha.
  1095 | D:2      | Found a hazy altar of Hepliaklqana.
  1271 | D:2      | Reached ** piety under Lugonu
  1355 | D:2      | Gained mutation: You sometimes gain power by taking damage. [demonic ancestry]
  1355 | D:2      | Reached XP level 4. HP: 18/38 MP: 5/5
  1371 | D:2      | Reached skill level 5 in Fighting
  1550 | D:2      | Found a hide-covered altar of Uskayaw.
  1737 | D:3      | Found a bloodstained altar of Trog.
  1826 | D:3      | Noticed Sigmund
  1834 | D:3      | Killed from afar by Sigmund

Skill      XL: |  1  2  3  4 |
---------------+-------------+-----
Fighting       | 4 5 |  5.5
Axes           | |  1.7
Armour         | |  1.7
Dodging        | |  0.8
Invocations    | |  2.4

Action                   |  1- 3 |  4- 6 || total
-------------------------+-------+-------++-------
Melee: Hand axe          |   134 |    73 ||   207
Invok: Depart the Abyss  |     1 |       ||     1
  Use: Potion            |     3 |     2 ||     5
       Scroll            |     5 |       ||     5
  Eat: Ration            |     1 |       ||     1
Armor: Leather armour    |    44 |       ||    44
       Chain mail        |    19 |    48 ||    67
Dodge: Dodged            |    91 |    31 ||   122
